 Dungeon Crawl Stone Soup version 0.31-a0-267-g3fc6992b3b (webtiles) character file.

Game seed: 18433936122586167722

66 qw the Shooter (level 4, -2/26 HPs)
             Began as a Gargoyle Hexslinger on July 14, 2023.
             Slain by a hobgoblin (4 damage)
             ... on level 2 of the Dungeon.
             The game lasted 00:00:32 (1002 turns).

qw the Shooter (Gargoyle Hexslinger)                Turns: 1002, Time: 00:00:33

Health: -2/26      AC:  7    Str: 12    XL:     4   Next: 15%
Magic:  5/5        EV: 11    Int: 13    God:
Gold:   63         SH:  0    Dex: 14    Spells: 4/5 levels left

rFire   . . .        a - +0 orcbow
rCold   . . .        (shield currently unavailable)
rNeg    + . .        h - +0 leather armour
rPois   inf          l - +0 helmet
rElec   +            (no cloak)
rCorr   .            (no gloves)
SInv    +            (no boots)
Will    +....        (no amulet)
Stlth   +            d - ring of willpower
HPRegen 0.24/turn    e - ring of see invisible
MPRegen 0.09/turn

%: no passive effects
@: no status effects
A: sickness immunity, AC +3, negative energy resistance 1, electricity
resistance, torment resistance 1, petrification resistance
a: no special abilities


You were on level 2 of the Dungeon.
You visited 1 branch of the dungeon, and saw 2 of its levels.

You collected 63 gold pieces.


Innate Abilities, Weirdness & Mutations

You are immune to sickness and miasma.
Your stone body is resilient. (AC +3)
You are immune to poison.
You resist negative energy. (rN+)
You are resistant to electric shocks. (rElec)
You are resistant to unholy torment.
You are immune to petrification.


   Skills:
 - Level 2.0 Fighting
 + Level 4.0 Ranged Weapons
 - Level 1.5 Dodging
 - Level 1.0 Spellcasting
 - Level 2.6 Hexes


You had 4 spell levels left.
You knew the following spells:

 Your Spells              Type           Power      Damage    Failure   Level
a - Slow                  Hex            28%        N/A       12%         1

Your spell library contained the following spells:

 Spells                   Type           Power      Damage    Failure   Level
 Inner Flame              Hex/Fire       4%         N/A       52%         3
 Portal Projectile        Hex/Tloc       8%         N/A       52%         3
 Cause Fear               Hex            3%         N/A       75%         4

Inventory:

Hand Weapons
 a - a +0 orcbow (weapon)
Armour
 h - a +0 leather armour (worn)
 l - a +0 helmet (worn)
Jewellery
 d - a ring of willpower (left hand)
 e - a ring of see invisible (right hand)
Scrolls
 b - a scroll of enchant weapon {unknown}
Potions
 f - a potion of lignification {unknown}
 j - a potion of heal wounds {unknown}

Dungeon Overview and Level Annotations

Branches:
Dungeon (2/15)

Altars:


Message History

You shoot an arrow. The arrow closely misses Terence.
Terence closely misses you.
You shoot an arrow.
The arrow hits Terence but does no damage.
Terence is moderately wounded.
Terence hits you with a +0 flail.
You shoot an arrow. The arrow hits Terence!
Terence is severely wounded.
A hobgoblin comes into view.
Terence hits you with a +0 flail.
You shoot an arrow. The hobgoblin shouts!
The arrow hits Terence but does no damage.
Terence is severely wounded.
Terence closely misses you. Terence hits you with a +0 flail.
You shoot an arrow.
The arrow hits Terence but does no damage.
Terence is severely wounded.
Terence hits you but does no damage.
You shoot an arrow. The arrow hits Terence.
Terence is almost dead.
Terence completely misses you.
A kobold comes into view. It is wielding a +0 whip.
You shoot an arrow. The kobold shouts!
The arrow hits Terence but does no damage.
Terence is almost dead.
Terence hits you with a +0 flail. Terence hits you with a +0 flail!
You shoot an arrow. The arrow hits Terence!
You kill Terence!
Your Ranged Weapons skill increases to level 4!
You have reached level 4!
You feel stronger.
You shoot an arrow.
The arrow hits the hobgoblin but does no damage.
The hobgoblin misses you. The hobgoblin hits you.
You shoot an arrow. The arrow closely misses the hobgoblin.
The hobgoblin completely misses you.
You shoot an arrow. The arrow barely misses the hobgoblin.
The hobgoblin hits you.
You die...

#.###...##....#
#..#..~..#.##.##.#
#...~~~.........#
########..ยค..###...###
#......##...## ...#
#.#####.##.## ..#
#....# ###...#
#.#.##........
#.##@gK........
#.#.##.(.... ...# #..~!
#.# ..~ #.## ~ ##


You could see a hobgoblin and a kobold.

Vanquished Creatures
  Terence (D:2)
  A dart slug (D:1)
  6 bats (D:1)
  2 endoplasms (D:1)
  A giant cockroach (D:1)
  5 goblins (D:1)
  3 hobgoblins (D:1)
  4 quokkas (D:1)
  4 ball pythons (D:1)
  4 frilled lizards
  3 kobolds (D:1)
  4 rats (D:1)
38 creatures vanquished.

Notes
Turn   | Place    | Note
-------+----------+-------------------------------------------
     0 | D:1      | qw the Gargoyle Hexslinger began the quest for the Orb.
     0 | D:1      | Reached XP level 1. HP: 12/12 MP: 2/2
     0 | D:1      | 0 ||| qw: Version: 0.3-a-52-g30416fa
     0 | D:1      | 0 ||| qw: Game counter: 7834
     0 | D:1      | 0 ||| qw: Melee chars always use a shield: true
     0 | D:1      | 0 ||| qw: God list: Okawaru
     0 | D:1      | 0 ||| qw: Allow faded altars: false
     0 | D:1      | 0 ||| qw: Do Orc after clearing Dungeon:15 true
     0 | D:1      | 0 ||| qw: Do second Lair branch before Depths: true
     0 | D:1      | 0 ||| qw: Lair rune preference: random
     0 | D:1      | 0 ||| qw: Goals: Normal
     0 | D:1      | 0 ||| PLANNING D:1-11
    91 | D:1      | Reached XP level 2. HP: 16/16 MP: 3/3
   164 | D:1      | Reached skill level 3 in Ranged Weapons
   305 | D:1      | Reached XP level 3. HP: 21/21 MP: 4/4
   830 | D:1      | 830 ||| UPGRADING to +0 leather armour.
   840 | D:1      | 840 ||| DROPPING +0 robe.
   841 | D:1      | 841 ||| UPGRADING to +0 helmet.
   846 | D:1      | 846 ||| UPGRADING to ring of willpower.
   847 | D:1      | 847 ||| UPGRADING to ring of see invisible.
   848 | D:1      | 848 ||| READING scroll labelled FAF ZIJEKKE.
   849 | D:1      | 849 ||| READING scroll labelled OBBAUS KEOMN.
   850 | D:1      | 850 ||| READING scroll labelled ZYARE YTZOU.
   851 | D:1      | 851 ||| DROPPING scroll of poison.
   931 | D:2      | 931 ||| SWAPPING to +0 orcbow.
   932 | D:2      | 932 ||| DROPPING +1 sling.
   945 | D:2      | Found a faded altar of an unknown god.
   987 | D:2      | Noticed Terence
   998 | D:2      | HP: 2/21 [Terence/+0 flail (10)]
   999 | D:2      | Killed Terence
  1000 | D:2      | Reached skill level 4 in Ranged Weapons
  1000 | D:2      | Reached XP level 4. HP: 3/26 MP: 5/5
  1002 | D:2      | Slain by a hobgoblin

Levels and vault maps discovered:
D:1:      dpeg_arrival_more_subterranean_lakeside_camping, layout_basic,
          minmay_close_crescents
D:2:      layout_loops_cross, shapermc_ecumenical_altar_acropolis,
          hangedman_glass_teeth, chequers_serial_rivers_small_3,
          amcnicky_mini_pool_small, uniq_terence

Skill      XL: |  1  2  3 |
---------------+----------+-----
Ranged Weapons | 3 4 |  4.0
Fighting       | 2 |  2.0
Dodging        | |  1.5
Spellcasting   | |  1.0
Hexes          | |  2.6

Action                     |  1- 3 |  4- 6 || total
---------------------------+-------+-------++-------
   Fire: Sling             |   121 |       ||   121
         Orcbow            |    19 |     3 ||    22
    Use: Scroll            |     3 |       ||     3
 Armour: Robe              |    26 |       ||    26
         Leather armour    |     3 |       ||     3
  Dodge: Dodged            |    56 |     2 ||    58

Table legend:
 A = Non-vault XP
 B = Vault XP
 C = Vault XP percentage of total XP
 D = Non-vault monster count
 E = Vault monster count
 F = Vault count percentage of total count
                 A         B        C        D         E       F
            +---------+---------+-------+---------+---------+-------
      Total |      51 |      44 |  46.3 |      32 |       6 |  15.8
            +---------+---------+-------+---------+---------+-------
        D:1 |      50 |       8 |  13.8 |      31 |       5 |  13.9
        D:2 |       1 |      36 |  97.3 |       1 |       1 |  50.0
            +---------+---------+-------+---------+---------+-------
